 Seeded DCSS version 0.29-a0-541-gaf1fc19f1b (webtiles) character file.

Game seed: 5998305543906830551 (custom seed)

3 swifteh the Skirmisher (level 1, 0/19 HPs)
             Began as a Draconian Chaos Knight on June 2, 2022.
             Slain by a kobold
             ... wielding a +0 club
              (4 damage)
             ... on level 1 of the Dungeon.
             The game lasted 00:00:53 (132 turns).

swifteh the Skirmisher (Draconian Chaos Knight)      Turns: 132, Time: 00:00:54

Health: 0/19       AC:  4    Str: 14    XL:     1   Next: 41%
Magic:  1/1        EV: 12    Int: 12    God:
Gold:   0          SH:  0    Dex: 10    Spells: 0/0 levels left

rFire   . . .      SeeInvis .   a - +0 spear (chaos)
rCold   . . .      Faith    .   (no shield)
rNeg    . . .      Spirit   .   (body armour unavailable)
rPois   .          Reflect  .   (helmet restricted)
rElec   .          Harm     .   (no cloak)
rCorr   .          Rampage  .   (no gloves)
Will    .....                   (no boots)
Stlth   +.........              (no amulet)
HPRegen 0.06/turn               (no ring)
MPRegen 0.07/turn               (no ring)

@: no status effects
A: AC +4, unfitting armour, cold-blooded
a: no special abilities


You were on level 1 of the Dungeon.
You visited 1 branch of the dungeon, and saw 1 of its levels.

Inventory:

Hand Weapons
 a - a +0 spear of chaos (weapon)
Scrolls
 c - a scroll of blinking {unknown}
 d - a scroll of enchant armour {unknown}
Miscellaneous
 b - a piece from Xom's chessboard (15/15) (quivered)


   Skills:
 + Level 3.4 Fighting
 + Level 3.1 Polearms
 + Level 2.1 Dodging


You couldn't memorise any spells.
You didn't know any spells.
Your spell library was empty.

Dungeon Overview and Level Annotations

Branches:
Dungeon (1/15)

Altars:


Innate Abilities, Weirdness & Mutations

Your plain brown scales are hard. (AC +4)
You cannot fit into any form of body armour.
You are cold-blooded and may be slowed by cold attacks.


Message History

You barely miss the kobold. The kobold misses you.
You closely miss the kobold.
Your tail-slap misses the kobold.
The kobold closely misses you.
You hit the kobold but do no damage.
The kobold flickers and vanishes!
Deactivating autopickup; reactivate with Ctrl-A.
Something hits you.
The ball python bites you but does no damage.
The ball python misses you.
You closely miss something. The ball python closely misses you. x2
Something hits you.
You barely miss the ball python. The ball python closely misses you.
The ball python barely misses you. The kobold misses you.
Something hits you but does no damage.
You barely miss the ball python.
The ball python bites you but does no damage.
The ball python grabs you. The ball python constricts you.
The kobold hits you but does no damage. Something hits you but does no damage.
The ball python bites you. The ball python constricts you.
You hit the ball python.
The ball python seems to slow down.
You freeze the ball python.
You kill the ball python!
Something barely misses you. The kobold misses you.
Found a scroll labelled QUGHIVVUDO.
Something hits you but does no damage. The kobold hits you but does no damage.
You hit the kobold but do no damage.
The kobold is poisoned.
Something hits you. The kobold hits you but does no damage.
You hit the kobold but do no damage.
The kobold seems to grow stronger.
Something hits you but does no damage. The kobold hits you with a +0 club.
You hit the kobold. You burn the kobold.
The kobold is heavily wounded.
You kill the kobold!
Something hits you but does no damage.
Found a faded altar of an unknown god.
Something hits you.
* * * LOW HITPOINT WARNING * * *
You see here a +0 club.
You completely miss something. Something barely misses you.
You barely miss something. Something hits you but does no damage.
You miss something. Something hits you.
You die...
Xom yawns loudly!

#### .. ..∩.._. ...#
.......... ##.#
#........? #'#
#.♣..∩..∩. ##.####
#####......... .#.#..##
............. .#.#.#.#
#..8..∩.... #...#..#
#.{@....... .....######
#..........
..<.....+.####.)∩..♣..∩.
.....####....##...## ###
#...#..#.......####
.#.#.#.#.....#.#
.#.#..##.....#.#
##.#####.....#.# ##+#
#.....#.#


There were no monsters in sight!

Vanquished Creatures
  A goblin (D:1)
  A kobold (D:1)
  A ball python (D:1)
3 creatures vanquished.

Notes
Turn   | Place    | Note
-------+----------+-------------------------------------------
     0 | D:1      | swifteh the Draconian Chaos Knight began the quest for the
                  | Orb.
     0 | D:1      | Reached XP level 1. HP: 19/19 MP: 1/1
     2 | D:1      | Fell from the grace of Xom
   129 | D:1      | Found a faded altar of an unknown god.
   132 | D:1      | Slain by a kobold

Illustrated notes

Levels and vault maps discovered:
D:1:      nzn_arrival_crosshair, layout_basic,
          hellmonk_ecumenical_altar_arch_garden

Action                   || total
-------------------------++-------
Melee: Spear             ||    15
Invok: Renounce Religion ||     1
Armor: Skin              ||    11
Dodge: Dodged            ||    11

Table legend: (Time is in decaauts)
 A = Elapsed time spent in this place.
 B = Non-inter-level travel time spent in this place.
 C = Inter-level travel time spent in this place.
 D = Time resting spent in this place.
 E = Time spent auto-exploring this place.
 F = Levels seen in this place.
 G = Mean time per level.
                   A        B        C        D        E       F      G
               +--------+--------+--------+--------+--------+-----+--------+
         Total |    131 |    131 |      0 |      0 |     94 |   1 |  131.0 |
       Dungeon |    131 |    131 |      0 |      0 |     94 |   1 |  131.0 |
               +--------+--------+--------+--------+--------+-----+--------+

Top non-repeatable levels by time:
     D:1: 131 daAuts
